 Dungeon Crawl Stone Soup version 0.31-a0-1591-g515db51633 (webtiles) character file.

Game seed: 17106529854037994904

15773 CougarLife the Cleaver (level 12, -5/106 HPs)
             Began as a Minotaur Fighter on Jan 7, 2024.
             Was a High Priest of Okawaru.
             Slain by a minotaur
             ... wielding a +2 great sword of electrocution
              (9 damage)
             ... in a Gauntlet.
             The game lasted 00:27:37 (12906 turns).

CougarLife the Cleaver (Minotaur Fighter)          Turns: 12906, Time: 00:27:37

Health: -5/106     AC: 21    Str: 30    XL:     12   Next: 4%
Magic:  17/18      EV: 12    Int:  5    God:    Okawaru [*****.]
Gold:   746        SH: 13    Dex: 10    Spells: 11/11 levels left

rFire   . . .        P - +0 broad axe
rCold   . . .        D - +2 kite shield {AC+3}
rNeg    + . .        L - +2 chain mail {rPois}
rPois   +            (helmet restricted)
rElec   .            e - +1 cloak "Zeist" {rPois Str-2 Slay+3}
rCorr   .            (no gloves)
SInv    .            n - +0 pair of boots
Will    .....        (no amulet) Stlth
                     j - +6 ring of strength
HPRegen 0.37/turn    E - ring of positive energy
MPRegen 0.16/turn

%: no teleportation
@: heroic
A: horns 2, retaliatory headbutt
a: Renounce Religion, Heroism, Finesse, Duel


You were in a Gauntlet.
You worshipped Okawaru.
Okawaru was extremely pleased with you.
You visited 3 branches of the dungeon, and saw 13 of its levels.
You also visited: Sewer and Gauntlet.

You collected 746 gold pieces.

Inventory:

Hand Weapons
 P - a +0 broad axe (weapon)
 T - a +4 trident
Missiles
 b - 14 javelins
 o - 23 poisoned darts
 q - 8 curare-tipped darts
 A - 5 boomerangs (quivered)
 B - 4 throwing nets
Armour
 e - the +1 cloak "Zeist" (worn) {rPois Str-2 Slay+3}
   (You found it in a Gauntlet)

   Str-2:     It affects your strength (-2).
   Slay+3:    It affects your accuracy & damage with ranged weapons and melee
   (+3).
   rPois:     It protects you from poison
 n - a +0 pair of boots (worn)
 C - the +0 hat "Zegon" {rElec rN+ rCorr Int-5}
   (You found it in a Gauntlet)

   Int-5:     It affects your intelligence (-5).
   rElec:     It insulates you from electricity.
   rN+:       It protects you from negative energy.
   rCorr:     It protects you from acid and corrosion.
 D - a +2 kite shield of protection (worn)
 L - a +2 chain mail of poison resistance (worn)
Jewellery
 c - a ring of flight
 j - a +6 ring of strength (left hand)
 E - a ring of positive energy (right hand)
Wands
 p - a wand of polymorph (3)
 G - a wand of light (8)
 H - a wand of mindburst (8)
 I - a wand of flame (5)
Scrolls
 g - 4 scrolls of immolation
 k - 2 scrolls of enchant weapon
 l - 2 scrolls of fog
 m - 2 scrolls of poison
 u - 2 scrolls of fear
 x - 2 scrolls of vulnerability
 y - 2 scrolls of silence
 J - 3 scrolls of teleportation
 N - 4 scrolls of noise
 S - a scroll of enchant armour {unknown}
Potions
 a - a potion of brilliance {unknown}
 d - 3 potions of might
 f - 2 potions of invisibility
 h - a potion of berserk rage
 r - 2 potions of enlightenment
 s - 3 potions of heal wounds
 t - 2 potions of curing
 v - 3 potions of haste
 w - a potion of ambrosia {unknown}
 z - a potion of attraction {unknown}
 F - a potion of degeneration
 K - a potion of mutation
 R - a potion of magic {unknown}


   Skills:
 + Level 9.7(14.7) Fighting
 - Level 12.3(17.3) Axes
 - Level 8.1(13.1) Throwing
 - Level 7.0(12.0) Armour
 * Level 5.9(10.9) Dodging
 - Level 7.1(12.1) Shields
 - Level 9.3 Invocations


You had 11 spell levels left.
You didn't know any spells.
Your spell library contained the following spells:

 Spells                   Type           Power      Damage    Failure   Level
 Apportation              Tloc           0%         N/A       94%         1
 Necrotise                Necr           0%         1d4       94%         1
 Sting                    Conj/Alch      0%         1d3       94%         1
 Sublimation of Blood     Necr           0%         N/A       98%         2
 Fugue of the Fallen      Necr           0%         N/A       100%        3
 Hailstorm                Conj/Ice       0%         3d5       100%        3
 Ozocubu's Armour         Ice            0%         N/A       100%        3
 Volatile Blastmotes      Fire/Tloc      0%         2d10      100%        3
 Dimensional Bullseye     Hex/Tloc       0%         N/A       100%        4
 Fulminant Prism          Conj/Alch      0%         3d5       100%        4
 Iskenderun's Mystic Bla  Conj/Tloc      0%         2d3       100%        4
 Manifold Assault         Tloc           0%         N/A       100%        4
 Petrify                  Alch/Erth      0%         N/A       100%        4
 Vhi's Electric Charge    Tloc/Air       0%         N/A       100%        4
 Arcjolt                  Conj/Air       0%         1d10      100%        5
 Irradiate                Conj/Alch      0%         3d11      100%        5
 Plasma Beam              Fire/Air       0%         2x1d10    100%        6
 Borgnjor's Revivificati  Necr           0%         N/A       100%        8
 Ignition                 Fire           0%         3d3       100%        8
 Death's Door             Necr           0%         N/A       100%        9
 Summon Small Mammal      Summ           Unusable   N/A       N/A         1
 Call Imp                 Summ           Unusable   N/A       N/A         2
 Summon Ice Beast         Ice/Summ       Unusable   N/A       N/A         3
 Tukima's Dance           Hex            Unusable   N/A       N/A         3
 Sculpt Simulacrum        Ice/Alch       Unusable   N/A       N/A         6
 Haunt                    Necr/Summ      Unusable   N/A       N/A         7
 Summon Hydra             Summ           Unusable   N/A       N/A         7
 Infestation              Necr           Unusable   N/A       N/A         8

Dungeon Overview and Level Annotations

Branches:
Dungeon (11/15)            Temple (1/1) D:6            Lair (1/5) D:10
    Orc (0/2) D:11          Sewer (visited)         Gauntlet (1/1)

Altars:
Ashenzari
Cheibriados
Dithmenos
Elyvilon
Fedhas
Gozag
Hepliaklqana
Kikubaaqudgha
Makhleb
Nemelex Xobeh
Okawaru
Qazlal
Ru
Sif Muna
Trog
Uskayaw
Vehumet
Wu Jian
Xom
Yredelemnul
Zin
The Shining One

Shops:
D:5 !

Annotations:
Lair:1 Neqioxon's ghost, journeyman MiFi Gauntlet 8 transporters


Innate Abilities, Weirdness & Mutations

You have a pair of horns on your head.
You reflexively headbutt those who attack you in melee.


Message History

You start resting.
HP restored.
There is a transporter here.
You enter the transporter and appear at another place.
The wolf howls!
The wolf howls!
You gain the combat prowess of a mighty hero.
You open the door.
A minotaur comes into view.
It is wielding a +2 great sword of electrocution and quivering silver javelins.
The minotaur bellows!
The minotaur throws a silver javelin.
The silver javelin pierces through you!
Found a short glowing staff.
Found a gate leading back out of this place.
The minotaur closely misses you. You furiously retaliate!
You headbutt the minotaur! You block the minotaur's attack.
There is an open door here.
You slice the minotaur!!
You headbutt the minotaur, but do no damage.
The minotaur is moderately wounded.
The minotaur hits you with a +2 great sword of electrocution!
The minotaur gores you!
You closely miss the minotaur.
The minotaur furiously retaliates!
The minotaur headbutts you, but does no damage.
The minotaur is moderately wounded.
You block the minotaur's attack.
The minotaur gores you but does no damage.
You slash the minotaur!
The minotaur is heavily wounded.
The minotaur hits you with a +2 great sword of electrocution.
You block the minotaur's attack.
You slash the minotaur!
The minotaur is severely wounded.
The minotaur hits you with a +2 great sword of electrocution!!
The minotaur gores you but does no damage.
You barely miss the minotaur.
The minotaur is severely wounded.
The minotaur hits you with a +2 great sword of electrocution!!
* * * LOW HITPOINT WARNING * * *
You are electrocuted!
You die...

##### ≈≈≈≈≈ ≈∩≈ ...
###.### #..H..#
#######@#######
#.............#
#.###.###.###.#
#.###.###.###.#
#.............#
##.###.###.###
#####.###.###.#####
#≈...............≈#
####8§8.8..©.©..8.8.8####
###


You could see a minotaur.

Vanquished Creatures
  Nergalle (D:11)
  Amaemon (D:8)
  An obsidian statue (Gauntlet)
  The ghost of xnavy the Shield-Bearer, a novice DjCA of Ignis (D:5)
  2 cyclopes (D:11)
  2 manticores
  An elephant (D:10)
  A gargoyle (D:10)
  An efreet (Gauntlet)
  An orange demon (D:8)
  2 kobold demonologists (D:11)
  A rime drake (Lair:1)
  A komodo dragon (D:11)
  A hornet (D:10)
  3 trolls
  Grinder (D:5)
  4 wraiths
  Sigmund (D:4)
  A vampire (D:10)
  6 yaks (D:9)
  A basilisk (D:10)
  A wyvern (D:10)
  2 steam dragons (D:8)
  3 fire elementals (Gauntlet)
  3 vampire mosquitoes (D:11)
  Menkaure (D:5)
  Edmund (D:5)
  2 acid dragons
  3 water moccasins
  2 hell hounds (Gauntlet)
  2 black bears
  2 sky beasts (D:6)
  3 orc warriors
  5 ice beasts
  An ogre (D:5)
  4 wolves (Lair:1)
  4 centaurs
  6 kobold brigands
  2 phantoms (D:5)
  4 bullfrogs
  A scorpion (D:4)
  A gnoll sergeant (D:8)
  7 wights
  12 killer bees (D:8)
  A bombardier beetle (D:5)
  Crazy Yiuf (D:6)
  2 gnoll boudas
  4 hounds
  12 orc priests
  A sleepcap (D:4)
  3 iguanas
  11 orc wizards
  22 gnolls
  15 adders
  A river rat (Sewer)
  2 white imps (D:5)
  2 ufetubi (D:6)
  5 dart slugs
  4 ribbon worms
  31 orcs
  8 endoplasms
  3 giant cockroaches
  6 goblins
  3 hobgoblins
  5 jackals
  9 kobolds
  A quokka (D:3)
  3 ball pythons (D:1)
  7 bats
  2 frilled lizards
  8 rats
278 creatures vanquished.

Notes
Turn   | Place    | Note
-------+----------+-------------------------------------------
     0 | D:1      | CougarLife the Minotaur Fighter began the quest for the
                  | Orb.
     0 | D:1      | Reached XP level 1. HP: 19/19 MP: 0/0
   365 | D:1      | Reached XP level 2. HP: 26/26 MP: 1/1
   727 | D:1      | Reached skill level 3 in Axes
   869 | D:2      | Found a faded altar of an unknown god.
   875 | D:2      | Reached XP level 3. HP: 32/33 MP: 2/2
  1121 | D:2      | Got Cizuy's Precepts of Resurrection and the Blaze
  1215 | D:2      | Reached skill level 4 in Axes
  1376 | D:3      | Reached XP level 4. HP: 41/41 MP: 3/3
  1451 | D:3      | Reached skill level 5 in Axes
  1451 | D:3      | Reached XP level 5. HP: 47/47 MP: 4/4
  1767 | D:3      | Found a glowing drain.
  1779 | Sewer    | Entered a sewer
  1837 | Sewer    | Reached skill level 5 in Fighting
  1855 | Sewer    | Reached skill level 6 in Axes
  1855 | Sewer    | Reached XP level 6. HP: 28/56 MP: 5/5
  1967 | Sewer    | Found a white marble altar of Elyvilon.
  2854 | D:4      | Reached skill level 7 in Axes
  2972 | D:4      | Reached XP level 7. HP: 26/63 MP: 6/6
  3185 | D:4      | Noticed Sigmund
  3199 | D:4      | Killed Sigmund
  3200 | D:4      | Reached skill level 8 in Axes
  3381 | D:4      | Identified the +2 robe "Xepsotz Duett" {rElec Regen+ Int+4
                  | Dex-4}
  3659 | D:4      | Found a radiant altar of Vehumet.
  3659 | D:4      | Found a stormy altar of Qazlal.
  3713 | D:5      | Entered Level 5 of the Dungeon
  3866 | D:5      | Found Jiumoit's Distillery.
  3880 | D:5      | Reached skill level 9 in Axes
  4287 | D:5      | Reached XP level 8. HP: 69/73 MP: 7/7
  4330 | D:5      | Noticed Menkaure
  4335 | D:5      | Killed Menkaure
  4357 | D:5      | Noticed Grinder
  4369 | D:5      | Killed Grinder
  4370 | D:5      | Reached skill level 10 in Axes
  4477 | D:5      | Reached skill level 1 in Throwing
  4534 | D:5      | Noticed Edmund
  4544 | D:5      | Killed Edmund
  4609 | D:5      | Reached skill level 5 in Armour
  4703 | D:5      | Found a runed translucent door.
  4703 | D:5      | Noticed xnavy's ghost (novice DjCA)
  5198 | D:6      | Found a staircase to the Ecumenical Temple.
  5214 | D:6      | Reached skill level 1 in Dodging
  5214 | D:6      | Reached XP level 9. HP: 74/81 MP: 8/8
  5216 | Temple   | Entered the Ecumenical Temple
  5267 | Temple   | Became a worshipper of Warmaster Okawaru
  5520 | D:6      | Found a runed translucent door.
  5521 | D:6      | Noticed Crazy Yiuf
  5736 | D:6      | Reached skill level 5 in Throwing
  6170 | D:6      | Killed Crazy Yiuf
  6290 | D:7      | Reached * piety under Okawaru
  6439 | D:7      | Reached skill level 1 in Invocations
  7302 | D:5      | Killed xnavy's ghost
  7302 | D:5      | Reached ** piety under Okawaru
  7303 | D:5      | Reached skill level 5 in Invocations
  7305 | D:5      | Reached XP level 10. HP: 78/88 MP: 3/13
  8280 | D:8      | Noticed an orange demon
  8282 | D:8      | Noticed Amaemon
  8294 | D:8      | Killed an orange demon
  8300 | D:8      | Killed Amaemon
  9061 | D:9      | Noticed a manticore
  9072 | D:9      | Killed a manticore
  9072 | D:9      | Reached *** piety under Okawaru
  9305 | D:9      | Found a faded altar of an unknown god.
  9603 | D:9      | Reached skill level 5 in Shields
  9670 | D:9      | Reached **** piety under Okawaru
  9860 | D:9      | Reached XP level 11. HP: 87/94 MP: 17/17
  9959 | D:9      | Reached skill level 11 in Axes
 10399 | D:10     | Entered Level 10 of the Dungeon
 11059 | D:10     | Found a staircase to the Lair.
 11376 | D:11     | Noticed Nergalle
 11396 | D:11     | Killed Nergalle
 11397 | D:11     | Reached skill level 12 in Axes
 11754 | D:11     | Found a staircase to the Orcish Mines.
 11825 | D:11     | Reached ***** piety under Okawaru
 12317 | Lair:1   | Entered Level 1 of the Lair of Beasts
 12330 | Lair:1   | Noticed Neqioxon's ghost (journeyman MiFi)
 12331 | Lair:1   | Noticed a minotaur
 12332 | Lair:1   | Noticed a five-headed hydra
 12342 | Lair:1   | Found a gate leading to a gauntlet.
 12404 | Gauntlet | Entered a Gauntlet
 12404 | Gauntlet | Noticed an obsidian statue
 12404 | Gauntlet | Found a transporter.
 12404 | Gauntlet | Found a transporter.
 12404 | Gauntlet | Found a transporter.
 12513 | Gauntlet | Found a transporter.
 12524 | Gauntlet | Found a transporter.
 12572 | Gauntlet | Found a transporter.
 12591 | Gauntlet | Found a transporter.
 12597 | Gauntlet | Found a transporter.
 12605 | Gauntlet | Found a transporter.
 12623 | Gauntlet | Noticed a fire crab
 12630 | Gauntlet | Found a transporter.
 12635 | Gauntlet | Found a transporter.
 12653 | Gauntlet | Found a transporter.
 12697 | Gauntlet | Killed an obsidian statue
 12698 | Gauntlet | Reached skill level 5 in Dodging
 12704 | Gauntlet | Identified the +0 hat "Zegon" {rElec rN+ rCorr Int-5}
 12729 | Gauntlet | Reached XP level 12. HP: 55/105 MP: 18/18
 12730 | Gauntlet | Received a gift from Okawaru
 12748 | Gauntlet | Identified the +1 cloak "Zeist" {rPois Str-2 Slay+3}
 12900 | Gauntlet | Noticed a minotaur
 12906 | Gauntlet | HP: 4/106 [minotaur/+2 great sword of electrocution (28)]
 12906 | Gauntlet | Slain by a minotaur

Illustrated notes

Levels and vault maps discovered:
D:1:      dpeg_cavernosity, layout_loops_ring
D:2:      layout_basic, nicolae_ecumenical_pavilion
D:3:      layout_basic, portal_sewer_entry_d, st_stairs_10
D:4:      minmay_thinvault, layout_gridville,
          gammafunk_temple_overflow_elements, serial_glass, glass_columns_b,
          glass_columns_c, glass_columns_c, glass_columns_b, glass_columns_a,
          uniq_sigmund
D:5:      layout_loops_ring, ebering_ghost_inner_flame, serial_shops, shop,
          uniq_menkaure, uniq_edmund, uniq_grinder
D:6:      layout_basic, minmay_temple_entry_overgrown, uniq_crazy_yiuf_cottage
D:7:      layout_cave_pods
D:8:      layout_loops_corners, glass_columns_c, lemuel_flamethrower_2,
          uniq_amaemon
D:9:      layout_irregular_city, serial_column_ruins, column_ruins_hut,
          column_ruins_temple_circle, column_ruins_columns_straight,
          column_ruins_open_small_water, column_ruins_open_medium,
          column_ruins_grid_1, column_ruins_grid_3, column_ruins_corridor_corner
D:10:     layout_loops_ring, david_lair_generic, kennysheep_small_circle
D:11:     layout_cave_pools, erik_orc_3, uniq_nergalle
Temple:   mainiacjoe_temple_cubbyholes
Lair:1:   layout_cave_pods, maelrawn_ghost_gauntlet_escape,
          gauntlet_entry_generic
Gauntlet: gammafunk_gauntlet_shortcut [nicolae_gauntlet_arena_grate_2,
          gammafunk_gauntlet_arena_teeth, nicolae_gauntlet_arena_x,
          nicolae_gauntlet_swirl, gammafunk_gauntlet_arena_crates,
          nicolae_gauntlet_arena_blocks, gauntlet_exit_watery]

Skill      XL: |  1  2  3  4  5  6  7  8  9 10 11 |
---------------+----------------------------------+-----
Armour         | 4 5 7 |  7.0
Shields        | 4 6 7 |  7.1
Axes           | 3 4 5 6 7 9 10 12 | 12.3
Fighting       | 4 5 6 7 8 9 |  9.7
Throwing       | 4 6 8 |  8.1
Dodging        | 1 4 5 |  5.9
Invocations    | 5 9 |  9.3

Action                     |  1- 3 |  4- 6 |  7- 9 | 10-12 || total
---------------------------+-------+-------+-------+-------++-------
  Melee: War axe           |    66 |    99 |   251 |   244 ||   660
         Headbutt          |    13 |     9 |    37 |    83 ||   142
         Broad axe         |       |       |       |   175 ||   175
  Throw: Dart              |       |       |     1 |       ||     1
         Boomerang         |       |       |       |    43 ||    43
 Invoke: Heroism           |       |       |     1 |     9 ||    10
    Use: Scroll            |       |       |    12 |     8 ||    20
         Potion            |       |       |     1 |     6 ||     7
 Armour: Scale mail        |    56 |    91 |   193 |   135 ||   475
         Chain mail        |       |       |       |   191 ||   191
  Dodge: Dodged            |    35 |    66 |    94 |   172 ||   367
  Block: Buckler           |    20 |    22 |    35 |       ||    77
         Kite shield       |       |       |    15 |   271 ||   286
         Form:             |       |       |     1 |       ||     1
         Death             |       |       |     1 |       ||     1

Table legend: (Time is in decaauts)
 A = Elapsed time spent in this place.
 B = Non-inter-level travel time spent in this place.
 C = Inter-level travel time spent in this place.
 D = Time resting spent in this place.
 E = Time spent auto-exploring this place.
 F = Levels seen in this place.
 G = Mean time per level.
                   A        B        C        D        E       F      G
               +--------+--------+--------+--------+--------+-----+--------+
         Total |  12996 |  12325 |    671 |   2495 |   7115 |  15 |  866.4 |
       Dungeon |  12033 |  11392 |    641 |   2181 |   6973 |  11 | 1093.9 |
        Temple |     82 |     52 |     30 |      0 |     17 |   1 |   82.0 |
          Lair |     86 |     86 |      0 |      0 |      0 |   1 |   86.0 |
         Sewer |    299 |    299 |      0 |     94 |    124 |   1 |  299.0 |
      Gauntlet |    493 |    493 |      0 |    220 |      0 |   1 |  493.0 |
               +--------+--------+--------+--------+--------+-----+--------+

Top non-repeatable levels by time:
     D:8: 1766 daAuts
     D:4: 1477 daAuts
     D:5: 1257 daAuts
     D:9: 1164 daAuts
     D:6: 1161 daAuts
     D:7: 1035 daAuts
    D:10: 979 daAuts
    D:11: 960 daAuts
     D:1: 879 daAuts
     D:3: 790 daAuts
     D:2: 560 daAuts
Gauntlet: 493 daAuts
   Sewer: 299 daAuts
  Lair:1: 86 daAuts
  Temple: 82 daAuts
